 Dungeon Crawl Stone Soup version 0.29-a0-490-g77b3608bb8 (webtiles) character file.

Game seed: 16051548461637239027

46790 ptdevnull the Impaler (level 14, -6/99 HPs)
             Began as a Merfolk Ice Elementalist on May 24, 2022.
             Was a High Priest of Hepliaklqana.
             Shot with an arrow by Nessos (8 damage)
             ... on level 4 of the Lair of Beasts on May 27, 2022.
             The game lasted 01:30:03 (23178 turns).

ptdevnull the Impaler (Merfolk Ice Elementalist)   Turns: 23178, Time: 01:30:04

Health: -6/99      AC: 12    Str: 12    XL:     14   Next: 39%
Magic:  6/24       EV: 18    Int: 18    God:    Hepliaklqana [*****.]
Gold:   1043       SH:  0    Dex: 14    Spells: 6/27 levels left

rFire   . . .      SeeInvis .   a - +9 glaive of the Little People {speed, rF+ rC++ Stlth+}
rCold   + + +      Faith    .   (shield currently unavailable)
rNeg    . . .      Spirit   .   n - +4 steam dragon scales
rPois   +          Reflect  .   (no helmet)
rElec   +          Harm     .   H - +0 cloak
rCorr   +          Rampage  .   V - +0 pair of gloves {infuse}
Will    +....                   S - +0 pair of boots
Stlth   ++++......              U - amulet of the Forgotten Tales {RegenMP rElec}
HPRegen 0.26/turn               M - ring of Gozag's Benevolence {Ice rPois Str+2 Slay-2}
MPRegen 0.59/turn               F - ring of resist corrosion

@: lethally poisoned (-6 -> -16)
A: reduced essence, (nimble swimmer 2), mertail
a: Renounce Religion, Recall Ancestor, Ancestor Identity, Transference, Idealise


You were on level 4 of the Lair of Beasts.
You worshipped Hepliaklqana.
Hepliaklqana was extremely pleased with you.
You visited 3 branches of the dungeon, and saw 17 of its levels.
You also visited: Ossuary and Bailey.

You collected 1955 gold pieces.
You spent 912 gold pieces at shops.

Inventory:

Hand Weapons
 a - the +9 glaive of the Little People (weapon) {speed, rF+ rC++ Stlth+}
   (You found it on level 2 of the Lair of Beasts)

   Attacks with this weapon are significantly faster.
   rF:        It protects you from fire.
   rC:        It greatly protects you from cold.
   Stlth:     It makes you more stealthy.
 R - the +6 glaive of the Sky {antimagic, rElec rPois Dex+5}
   (You acquired it in a bailey)

   It reduces the magical energy of the wielder, and disrupts the spells and
   magical abilities of those it strikes.
   Natural abilities and divine invocations are not affected.
   Dex:       It affects your dexterity (+5).
   rElec:     It insulates you from electricity.
   rPois:     It protects you from poison.
Missiles
 C - 2 throwing nets
Armour
 n - +4 steam dragon scales (worn)
 H - a +0 cloak (worn)
 S - a +0 pair of boots (worn)
 V - a +0 pair of gloves of infusion (worn)
Magical Staves
 b - a staff of cold
Jewellery
 g - a ring of positive energy
 h - an amulet of the acrobat
 l - a +4 ring of evasion
 t - a ring of protection from fire
 F - a ring of resist corrosion (right hand)
 L - a ring of willpower
 M - the ring of Gozag's Benevolence (left hand) {Ice rPois Str+2 Slay-2}
   (You bought it in a shop on level 1 of the Dungeon)

   [ring of ice]

   It enhances your ice magic.
   Str:       It affects your strength (+2).
   Slay:      It affects your accuracy & damage with ranged weapons and melee
   (-2).
   rF:        It makes you vulnerable to fire.
   rC:        It protects you from cold.
   rPois:     It protects you from poison.
 U - the amulet of the Forgotten Tales (around neck) {RegenMP rElec}
   (You bought it in a shop on level 1 of the Dungeon)

   [amulet of magic regeneration]

   It increases your rate of magic regeneration.
   rElec:     It insulates you from electricity.
 W - a ring of flight
Wands
 c - a wand of digging (4)
 f - a wand of paralysis (6)
 z - a wand of acid (3)
 T - a wand of iceblast (2)
Scrolls
 w - 2 scrolls of silence
 x - 3 scrolls of teleportation
 G - 2 scrolls of amnesia
 I - a scroll of fear
 J - 3 scrolls of vulnerability
 X - a scroll of poison
Potions
 e - 5 potions of lignification
 i - 2 potions of flight
 j - 3 potions of heal wounds
 k - 9 potions of curing
 o - 9 potions of attraction
 q - 4 potions of mutation
 r - a potion of haste {unknown}
 s - 4 potions of might
 u - 5 potions of magic
 v - a potion of berserk rage {unknown}
 A - 2 potions of cancellation
 B - a potion of ambrosia {unknown}
 K - 2 potions of brilliance
 N - a potion of resistance {unknown}
Miscellaneous
 p - a condenser vane


   Skills:
 - Level 10.0 Fighting
 * Level 17.4 Polearms
 + Level 12.6 Dodging
 + Level 6.6 Stealth
 + Level 7.2 Spellcasting
 - Level 3.2 Conjurations
 - Level 12.4 Ice Magic
 - Level 2.8 Air Magic
 - Level 6.5 Invocations


You had 6 spell levels left.
You knew the following spells:

 Your Spells              Type           Power      Damage    Failure   Level
a - Freeze                Ice            100%       1d11      1%          1
b - Frozen Ramparts       Ice            100%       1d12      1%          3
c - Ozocubu's Armour      Ice            67%        N/A       1%          3
d - Apportation           Tloc           12%        N/A       11%         1
e - Hailstorm             Conj/Ice       51%        3d11      4%          4
f - Freezing Cloud        Conj/Ice/Air   21%        6-21      22%         5
g - Ensorcelled Hibernat  Hex/Ice        86%        N/A       1%          2
h - Blink                 Tloc           12%        N/A       16%         2

Your spell library contained the following spells:

 Spells                   Type           Power      Damage    Failure   Level
 Mephitic Cloud           Conj/Pois/Air  13%        N/A       14%         3
 Sublimation of Blood     Necr           6%         N/A       16%         2
 Conjure Flame            Conj/Fire      12%        6-21      16%         3
 Ignite Poison            Fire/Tmut/Pois 6%         N/A       32%         3
 Summon Guardian Golem    Hex/Summ       6%         N/A       32%         3
 Airstrike                Air            8%         N/A       32%         4
 Sticky Flame             Conj/Fire      12%        2d4       47%         4
 Summon Lightning Spire   Summ/Air       11%        N/A       52%         4
 Lightning Bolt           Conj/Air       8%         1d21      63%         5
 Cause Fear               Hex            3%         N/A       71%         4
 Alistair's Intoxication  Tmut/Pois      4%         N/A       96%         5
 Dragon Form              Tmut           3%         N/A       100%        7
 Orb of Destruction       Conj           9%         9d6       100%        7
 Spellforged Servitor     Conj/Summ      6%         N/A       100%        7
 Dragon's Call            Summ           3%         N/A       100%        9


Dungeon Overview and Level Annotations

Branches:
Dungeon (11/15)            Temple (0/1) D:7            Lair (4/6) D:11
 Shoals (0/4) Lair:4        Snake (0/4) Lair:3          Orc (2/2) D:11
    Elf (0/3) Orc:2       Ossuary (visited)          Bailey (visited)

Altars:
Ashenzari
Elyvilon
Gozag
Hepliaklqana
Okawaru
Ru
Sif Muna
Trog
Xom
Yredelemnul
Zin
The Shining One
Beogh

Shops:
D:1 =   D:2 :   D:7 ?   Orc:2 !*(!

Annotations:
D:3 1 runed translucent door, xian's ghost, amateur DrCj
D:4 2 runed translucent doors, greenreed's ghost, amateur HOMo
Lair:4 Nessos


Innate Abilities, Weirdness & Mutations

Your life essence is reduced to manifest your ancestor. (-10% HP)
((You are very nimble when in or above water. (Stealth+, EV+, Speed+++)))
Your lower body shifts to a powerful aquatic tail in water.


Message History

Nessos shoots an arrow.
The arrow completely misses you.
Aiming: Corrosive Bolt
Press: ? - help, Shift-Dir - straight line, f - you
Okay, then.
Your frozen ramparts will break if you move.
Continue?
The frozen ramparts melt away as you move.
The bush is engulfed in freezing vapours.
Nessos is engulfed in freezing vapours.
Nessos shoots an arrow.
The arrow hits you. The arrow burns you.
You are poisoned.
Nessos is engulfed in freezing vapours. x2
Nessos mumbles some strange words.
Nessos blinks!
You feel very sick.
The bush is engulfed in freezing vapours.
Nessos shoots an arrow.
The arrow hits you! The arrow burns you.
Nessos shoots an arrow.
The arrow hits you!
* * * LOW HITPOINT WARNING * * *
The arrow burns you.
* * * LOW HITPOINT WARNING * * *
You feel much better.
You feel very sick.
The bush is engulfed in freezing vapours.
Nessos pounds the earth with their hooves.
Nessos shoots an arrow.
The arrow hits you!! The arrow burns you.
Nessos shoots an arrow.
The arrow hits you!
* * * LOW HITPOINT WARNING * * *
The arrow burns you.
You are lethally poisoned!
* * * LOW HITPOINT WARNING * * *
You feel better.
The bush is engulfed in freezing vapours.
Nessos shoots an arrow.
The arrow hits you!
* * * LOW HITPOINT WARNING * * *
The arrow burns you!
You are lethally poisoned!
* * * LOW HITPOINT WARNING * * *
Nessos stands on their hind legs for a moment.
Nessos shoots an arrow.
The arrow hits you!
You die...

..## .###.....#
....... #.#. ....#....
#.... #...# .......#
....#......P#
#...#§§...#
##...P§§§..# ##
#P....§.§..#..#
#..<.....c...#
####.....@.....#
##...#......§§§.#
#....##.††..P§§.#
##......##..§§§...
##......###.#.##...#..
#......## ..###
......... . #.##....##
#.. ........# #
#.......# ...P
#......#### #..######
.... #......#.#.


You could see Nessos (fast).

Vanquished Creatures
  A stone giant (D:10)
  Fannar (Lair:3)
  2 hydras (Lair:3)
  An ogre mage (Orc:2)
  8 two-headed ogres
  The ghost of sirJeffrey23 the Cleaver, a novice HOMo of Beogh (D:8)
  2 deep trolls (Orc:2)
  An orc knight (Bailey)
  An oklob plant (Orc:1)
  An orc sorcerer (Bailey)
  3 cyclopes
  A manticore (D:11)
  A manticore (shapeshifter) (D:10)
  An ice statue (Lair:1)
  2 black mambas
  3 cane toads
  12 rime drakes (Lair:2)
  4 komodo dragons
  5 blink frogs (Lair:2)
  4 polar bears
  A hornet (D:10)
  11 trolls
  2 dream sheep (Lair:3)
  Prince Ribbit (D:6)
  2 shadows
  2 vampires
  23 yaks
  5 wyverns
  2 wraiths (D:10)
  A basilisk (Lair:2)
  4 vampire mosquitoes (D:11)
  12 steam dragons
  2 wargs (Orc:2)
  An acid dragon (D:10)
  2 nagas (Lair:3)
  11 water moccasins
  2 black bears (Lair:3)
  16 orc warriors
  3 ice beasts
  2 sky beasts (D:6)
  13 wolves
  4 centaurs
  22 ogres
  A phantom (D:4)
  6 kobold brigands
  A lemure (D:9)
  11 bullfrogs
  2 necrophages (D:7)
  2 gnoll sergeants (D:11)
  2 scorpions
  7 wights (D:8)
  5 killer bees
  7 howler monkeys
  An electric eel (Lair:1)
  A gnoll shaman (Lair:3)
  A hound (D:4)
  2 jellies
  4 orc priests
  An iguana (D:5)
  15 orc wizards
  12 mummies (Ossuary)
  13 adders
  9 gnolls
  3 shadow imps
  2 white imps
  A dart slug (D:1)
  46 orcs
  8 endoplasms
  4 giant cockroaches
  18 goblins
  16 hobgoblins
  2 jackals (D:1)
  13 kobolds
  5 quokkas
  8 ball pythons
  6 bats
  2 frilled lizards
  4 gnoll skeletons (Ossuary)
  2 goblin skeletons (Ossuary)
  A hobgoblin zombie (D:5)
  A kobold skeleton (Ossuary)
  2 orc skeletons
  4 rats
  11 rat skeletons (Ossuary)
461 creatures vanquished.

Vanquished Creatures (collateral kills)
  An orc warlord (Orc:2)
  An ogre mage (Orc:2)
  Erica (D:8)
  A two-headed ogre (Orc:2)
  Pikel (D:9)
  A cane toad (Lair:1)
  A komodo dragon (Lair:3)
  A polar bear (Lair:4)
  A yak (Lair:4)
  A wraith (D:9)
  A naga (Lair:3)
  3 water moccasins
  3 ice beasts (Lair:4)
  An orc warrior (Bailey)
  3 ogres (Orc:2)
  2 centaurs (Lair:4)
  2 gnoll sergeants (D:11)
  A wight (D:8)
  A killer bee (D:9)
  A hound (D:6)
  An iguana (D:6)
  A gnoll (Bailey)
  2 ufetubi
  8 orcs
  A bat (D:1)
  2 endoplasms
  A giant cockroach (D:2)
  3 goblins
  A hobgoblin (Bailey)
  A kobold (D:3)
  A quokka (D:2)
  2 frilled lizards (D:2)
  3 goblin skeletons (D:5)
  A goblin zombie (D:5)
  A hobgoblin zombie (D:5)
  3 kobold skeletons (D:5)
  2 orc zombies (D:5)
  2 rats (D:2)
  2 butterflies (Lair:2)
66 creatures vanquished.

Vanquished Creatures (others)
  A kobold demonologist (Bailey)
  A steam dragon (Lair:2)
  16 hexers
  3 ancestors
  22 fungi
  40 plants
83 creatures vanquished.

Grand Total: 610 creatures vanquished

Notes
Turn   | Place    | Note
-------+----------+-------------------------------------------
     0 | D:1      | ptdevnull the Merfolk Ice Elementalist began the quest for
                  | the Orb.
     0 | D:1      | Reached XP level 1. HP: 13/13 MP: 3/3
    84 | D:1      | Found a faded altar of an unknown god.
   201 | D:1      | Reached XP level 2. HP: 7/19 MP: 0/5
   410 | D:1      | Prayed at the altar of an unknown god.
   410 | D:1      | Became a worshipper of Hepliaklqana the Forgotten
   410 | D:1      | Reached * piety under Hepliaklqana
   887 | D:1      | Reached skill level 5 in Ice Magic
   962 | D:1      | Reached XP level 3. HP: 17/21 MP: 3/6
  1140 | D:1      | Found Ugider Xolyd's Jewellery Shoppe.
  1467 | D:2      | Found a glowing golden altar of the Shining One.
  1917 | D:2      | Reached XP level 4. HP: 25/27 MP: 6/8
  2255 | D:2      | Learned a level 3 spell: Frozen Ramparts
  2259 | D:2      | Learned a level 3 spell: Ozocubu's Armour
  2464 | D:2      | Found Xowaufid's Book Emporium.
  2897 | D:3      | Found a runed translucent door.
  2897 | D:3      | Noticed xian's ghost (amateur DrCj)
  3396 | D:3      | Reached XP level 5. HP: 26/31 MP: 9/9
  3520 | D:3      | Reached ** piety under Hepliaklqana
  3749 | D:4      | Found a shimmering blue altar of Sif Muna.
  3964 | D:4      | Found an iron altar of Okawaru.
  4296 | D:4      | Noticed a phantom
  4329 | D:4      | Killed a phantom
  4330 | D:4      | Reached XP level 6. HP: 15/36 MP: 3/11
  4685 | D:4      | Found a runed translucent door.
  4690 | D:4      | Noticed greenreed's ghost (amateur HOMo)
  4713 | D:4      | Found a runed translucent door.
  5107 | D:5      | Entered Level 5 of the Dungeon
  5147 | D:5      | Reached skill level 1 in Fighting
  5334 | D:5      | Found a glowing golden altar of the Shining One.
  5819 | D:5      | Reached XP level 7. HP: 44/44 MP: 6/13
  6290 | D:6      | Reached skill level 5 in Dodging
  6461 | D:6      | Noticed Prince Ribbit
  6463 | D:6      | Reached *** piety under Hepliaklqana
  6468 | D:6      | Killed Prince Ribbit
  6469 | D:6      | Reached XP level 8. HP: 54/54 MP: 7/14
  6752 | D:6      | Found a broken altar of Ashenzari.
  6831 | D:6      | Reached skill level 5 in Fighting
  6975 | D:6      | Found a basalt altar of Yredelemnul.
  7049 | D:7      | Found Wilamero's Magic Scroll Boutique.
  7063 | D:7      | Reached skill level 3 in Polearms
  7071 | D:7      | Reached skill level 4 in Polearms
  7071 | D:7      | Reached XP level 9. HP: 53/61 MP: 15/15
  7118 | D:7      | Found a staircase to the Ecumenical Temple.
  7220 | D:7      | Reached skill level 5 in Polearms
  7290 | D:7      | Reached skill level 6 in Polearms
  7316 | D:7      | Reached skill level 7 in Polearms
  7981 | D:7      | Reached skill level 8 in Polearms
  7981 | D:7      | Remembered your ancestor Æthelred as a hexer
  8207 | D:8      | Found a bloodstained altar of Trog.
  8248 | D:8      | Found a sand-covered staircase.
  8256 | Ossuary  | Entered an ossuary
  8429 | Ossuary  | Reached skill level 9 in Polearms
  8835 | D:8      | Reached **** piety under Hepliaklqana
  9040 | D:8      | Found a sacrificial altar of Ru.
  9067 | D:8      | Reached skill level 10 in Polearms
  9072 | D:8      | Reached skill level 11 in Polearms
  9083 | D:8      | Reached XP level 10. HP: 66/66 MP: 11/16
  9205 | D:8      | Upgraded the game from 0.29-a0-474-gdfe5cd140f to
                  | 0.29-a0-490-g77b3608bb8
  9228 | D:8      | Found a transporter.
  9228 | D:8      | Noticed sirJeffrey23's ghost (novice HOMo)
  9229 | D:8      | Found a transporter.
  9229 | D:8      | Identified the +6 great mace "Kozxeph" {vorpal, rC+ rN++
                  | Will+ Str-3}
  9449 | D:8      | Reached skill level 12 in Polearms
  9518 | D:8      | Noticed Erica
  9538 | D:8      | Killed Erica
  9539 | D:8      | Reached skill level 1 in Invocations
  9878 | D:8      | Reached skill level 10 in Ice Magic
 10021 | D:9      | Found a shimmering altar of Xom.
 10154 | D:9      | Found a white marble altar of Elyvilon.
 10444 | D:9      | Noticed Pikel
 10449 | D:9      | Killed Pikel
 10450 | D:9      | Reached XP level 11. HP: 74/74 MP: 10/17
 11101 | D:1      | Bought the ring of Gozag's Benevolence {Ice rPois Str+2
                  | Slay-2} for 384 gold pieces
 11280 | D:10     | Entered Level 10 of the Dungeon
 11317 | D:10     | Learned a level 1 spell: Apportation
 11322 | D:10     | Learned a level 4 spell: Hailstorm
 11349 | D:10     | Reached ***** piety under Hepliaklqana
 11409 | D:10     | Found a flagged portal.
 11454 | Bailey   | Entered a bailey
 11522 | Bailey   | Noticed an orc knight
 11534 | Bailey   | Killed an orc knight
 11535 | Bailey   | Reached skill level 1 in Conjurations
 11717 | Bailey   | Acquired the +6 glaive of the Sky {antimagic, rElec rPois
                  | Dex+5}
 12106 | Bailey   | Found an iron altar of Okawaru.
 12110 | Bailey   | Noticed an orc sorcerer
 12117 | Bailey   | Killed an orc sorcerer
 12213 | Bailey   | Reached skill level 5 in Invocations
 12427 | Bailey   | Acquired a +1 glaive of protection
 12918 | D:10     | Found an opulent altar of Gozag.
 12968 | D:10     | Found a glowing silver altar of Zin.
 13205 | D:10     | Noticed a stone giant
 13205 | D:10     | Noticed a cyclops
 13205 | D:10     | Noticed a two-headed ogre
 13438 | D:10     | Noticed a mana viper
 13496 | D:10     | Noticed a manticore
 13496 | D:10     | a culicivora changed into a manticore
 13499 | D:10     | Killed a manticore
 14466 | D:11     | Reached skill level 13 in Polearms
 14607 | D:11     | Noticed a manticore
 14615 | D:11     | Killed a manticore
 14621 | D:11     | Reached skill level 10 in Dodging
 14641 | D:11     | Reached XP level 12. HP: 41/82 MP: 9/18
 14822 | D:11     | Found a staircase to the Lair.
 14989 | D:11     | Found a staircase to the Orcish Mines.
 15189 | D:11     | Reached skill level 14 in Polearms
 15306 | D:11     | Learned a level 5 spell: Freezing Cloud
 15550 | Lair:1   | Entered Level 1 of the Lair of Beasts
 16125 | Lair:1   | Reached skill level 1 in Air Magic
 16794 | Lair:2   | Reached skill level 5 in Spellcasting
 17242 | Lair:2   | Identified the +9 glaive of the Little People {speed, rF+
                  | rC++ Stlth+}
 17245 | Lair:2   | Identified the +3 ring mail of Oghokozi {Rampage Dex+4}
 17483 | Lair:2   | Reached XP level 13. HP: 89/89 MP: 20/20
 17776 | D:1      | Bought the amulet of the Forgotten Tales {RegenMP rElec}
                  | for 528 gold pieces
 18086 | Lair:1   | Got Melaexen's Easy Theurgy
 18093 | Lair:1   | Learned a level 2 spell: Ensorcelled Hibernation
 18096 | Lair:1   | Learned a level 2 spell: Blink
 18497 | Lair:3   | Noticed Fannar
 18500 | Lair:3   | Reached skill level 15 in Polearms
 18534 | Lair:3   | Killed Fannar
 19255 | Lair:3   | Found a staircase to the Snake Pit.
 20295 | D:10     | Killed a stone giant
 20469 | D:8      | Killed sirJeffrey23's ghost
 20470 | D:8      | Reached skill level 16 in Polearms
 20592 | Orc:1    | Entered Level 1 of the Orcish Mines
 20952 | Orc:2    | Entered Level 2 of the Orcish Mines
 21089 | Orc:2    | Reached skill level 5 in Stealth
 21120 | Orc:2    | Reached XP level 14. HP: 49/98 MP: 8/23
 21547 | Orc:2    | Found Xeujawue's Antique Weapon Emporium.
 21579 | Orc:2    | Found Furonwex's Distillery.
 21585 | Orc:2    | Found Riucw's Distillery.
 21602 | Orc:2    | Reached skill level 17 in Polearms
 21603 | Orc:2    | Found Irghiefy's Assorted Antiques.
 21619 | Orc:2    | Found a staircase to the Elven Halls.
 21867 | Orc:2    | Noticed an orc warlord
 21886 | Orc:2    | Killed an orc warlord
 22027 | Orc:2    | Reached skill level 10 in Fighting
 22689 | Lair:4   | Found a staircase to the Shoals.
 22727 | Lair:4   | Noticed Nessos
 22735 | Lair:4   | Reached ****** piety under Hepliaklqana
 23178 | Lair:4   | HP: 2/99 [Nessos/arrow (7)]
 23178 | Lair:4   | Shot with an arrow by Nessos

Illustrated notes

Levels and vault maps discovered:
D:1:      eino_arrival_water_star, layout_basic,
          chequers_ecumenical_altar_island, serial_shops, shop
D:2:      layout_basic, basic_altar, serial_shops,
          nicolae_shop_temple_entry_statues_fountains, serial_bayou_pond_b,
          minmay_fractal_squares_5
D:3:      layout_loops_ring, ebering_ghost_reflecting_pool,
          minmay_crystal_water, grunt_ministairs_3, hangedman_glass_teeth
D:4:      layout_loops_corners, pf_just_have_faith, okawaru_altar_gauntlet_db,
          ebering_ghost_sewer_f
D:5:      layout_rooms, nicolae_tso_besieged_by_evil
D:6:      layout_cave_pools, marbit_many_paths,
          mainiacjoe_overflow_small_starburst, uniq_prince_ribbit1
D:7:      layout_basic, minmay_temple_entry_slanted, serial_shops,
          nicolae_shop_trees
D:8:      layout_basic, general_overflow_altar,
          nicolae_ru_great_annihilating_truth, gammafunk_ghost_smash,
          chequers_ossuary_entry_cave, st_stairs_6, uniq_erica
D:9:      layout_stronghold, elyvilon_altar_3, mainiacjoe_overflow_alcove_4,
          uniq_pikel
D:10:     layout_loops_cross, pdpol_temple_overflow_zin_treasury_gozag_greed,
          enter_bailey_5, wad_scary_box
D:11:     layout_long_grid, minmay_lair_entry_grove,
          kennysheep_orc_monster_closet_entryway
Lair:1:   statuecave_lemuel, layout_hall_layers, grunt_megastairs_3,
          serial_bayou_shore_a, lemuel_fruit_tree
Lair:2:   layout_loops_ring, bobbens_dragon_lair_wall, lemuel_fruit_fields
Lair:3:   layout_concentric_octagons, guppyfry_snake_entry_island, st_stairs_6,
          dreamdust_gnoll_shepherd, uniq_fannar
Lair:4:   layout_misc_corridors, minmay_shoals_entry_centaurs,
          serial_bayou_pond_d, ice2_lemuel, uniq_nessos
Orc:1:    layout_diamond_mine, mines3_lemuel
Orc:2:    st_orc_open, layout_caves, basic_altar

Skill      XL: |  1  2  3  4  5  6  7  8  9 10 11 12 13 14 |
---------------+-------------------------------------------+-----
Ice Magic      | 5 6 7 8 9 10 11 12 | 12.4
Spellcasting   | 3 4 5 6 7 |  7.2
Dodging        | 3 5 7 8 10 12 | 12.6
Fighting       | 1 4 5 6 8 9 10 | 10.0
Polearms       | 4 11 12 13 14 16 17 | 17.4
Invocations    | 4 5 6 |  6.5
Conjurations   | 1 3 |  3.2
Air Magic      | 2 |  2.8
Stealth        | 5 6 |  6.6

Action                   |  1- 3 |  4- 6 |  7- 9 | 10-12 | 13-15 || total
-------------------------+-------+-------+-------+-------+-------++-------
Melee: Club              |    41 |       |       |       |       ||    41
       Dagger            |    11 |    35 |       |       |       ||    46
       Short sword       |       |    98 |    25 |       |       ||   123
       Punch             |       |     1 |     2 |       |       ||     3
       Spear             |       |       |   244 |   199 |       ||   443
       Glaive            |       |       |       |   309 |   348 ||   657
 Cast: Freeze            |    31 |    29 |     3 |       |       ||    63
       Frozen Ramparts   |       |    10 |     8 |    32 |    19 ||    69
       Ozocubu's Armour  |       |     4 |     6 |     9 |     5 ||    24
       Hailstorm         |       |       |       |     4 |     8 ||    12
       Freezing Cloud    |       |       |       |       |     5 ||     5
       Ensorcelled Hiber |       |       |       |       |     1 ||     1
Invok: Ancestor Identity |     1 |       |       |       |       ||     1
       Recall Ancestor   |     1 |       |       |     3 |     3 ||     7
       Ancestor Life: He |       |       |     1 |       |       ||     1
       Transference      |       |       |       |     2 |       ||     2
       Idealise          |       |       |       |     1 |     2 ||     3
Evoke: Wand              |       |       |       |     4 |     6 ||    10
  Use: Scroll            |       |     5 |     9 |    24 |    10 ||    48
       Potion            |       |       |       |     3 |     8 ||    11
 Stab: Sleeping          |     5 |    10 |    15 |     3 |     3 ||    36
       Distracted        |       |       |     6 |     4 |     6 ||    16
       Confused          |       |       |     2 |    11 |     9 ||    22
       Paralysed         |       |       |     2 |       |       ||     2
Armor: Robe              |    10 |    22 |     5 |       |       ||    37
       Steam dragon scal |       |       |     6 |    58 |    46 ||   110
Dodge: Dodged            |    53 |   106 |    76 |   201 |   168 ||   604

Table legend: (Time is in decaauts)
 A = Elapsed time spent in this place.
 B = Non-inter-level travel time spent in this place.
 C = Inter-level travel time spent in this place.
 D = Time resting spent in this place.
 E = Time spent auto-exploring this place.
 F = Levels seen in this place.
 G = Mean time per level.
                   A        B        C        D        E       F      G
               +--------+--------+--------+--------+--------+-----+--------+
         Total |  22829 |  20529 |   2300 |   5122 |  11742 |  19 | 1201.5 |
       Dungeon |  15076 |  13251 |   1825 |   3093 |   7997 |  11 | 1370.5 |
          Lair |   4386 |   4003 |    383 |   1254 |   2032 |   4 | 1096.5 |
  Orcish Mines |   1849 |   1757 |     92 |    288 |   1148 |   2 |  924.5 |
       Ossuary |    458 |    458 |      0 |      0 |    307 |   1 |  458.0 |
        Bailey |   1058 |   1058 |      0 |    487 |    257 |   1 | 1058.0 |
               +--------+--------+--------+--------+--------+-----+--------+

Top non-repeatable levels by time:
    D:10: 1872 daAuts
  Lair:3: 1709 daAuts
     D:4: 1536 daAuts
     D:2: 1534 daAuts
     D:8: 1473 daAuts
  Lair:2: 1462 daAuts
     D:1: 1407 daAuts
     D:9: 1393 daAuts
    D:11: 1333 daAuts
     D:3: 1199 daAuts
     D:7: 1194 daAuts
     D:5: 1161 daAuts
  Bailey: 1058 daAuts
   Orc:2: 1054 daAuts
  Lair:1: 1014 daAuts
